 Dungeon Crawl Stone Soup version 0.30-a0-721-ga6a225cb13 (webtiles) character file.

Game seed: 12125709143926202944

31 M4edhros the Shooter (level 3, -4/25 HPs)
             Began as an Octopode Hexslinger on Jan 27, 2023.
             Slain by a gnoll
             ... wielding a +0 flail
              (7 damage)
             ... on level 3 of the Dungeon.
             The game lasted 00:00:44 (332 turns).

M4edhros the Shooter (Octopode Hexslinger)           Turns: 332, Time: 00:00:44

Health: -4/25      AC:  1    Str:  7    XL:     3   Next: 22%
Magic:  4/4        EV: 13    Int: 15    God:
Gold:   29         SH:  0    Dex: 14    Spells: 3/4 levels left

rFire   . . .      SeeInvis .    a - +1 sling
rCold   . . .      Faith    .    (no shield)
rNeg    . . .      Spirit   .    g - +0 hat
rPois   .          Reflect  .    (no amulet)
rElec   .          Harm     .    (no ring)
rCorr   .          Rampage  .    (no ring)
Will    .....                    (no ring)
Stlth   ++                       (no ring)
HPRegen 0.24/turn                (no ring)
MPRegen 0.09/turn                (no ring)
                                 (no ring)
                                 (no ring)

@: no status effects
A: almost no armour, amphibious, 8 rings, camouflage 1, gelatinous body 1,
(nimble swimmer 1), tentacles, robust 1, weak 1
a: no special abilities


You were on level 3 of the Dungeon.
You visited 1 branch of the dungeon, and saw 3 of its levels.

You collected 29 gold pieces.

Inventory:

Hand Weapons
 a - a +1 sling (weapon)
Armour
 g - a +0 hat (worn)
Magical Staves
 i - a staff of poison
Scrolls
 b - 2 scrolls of poison
 c - 4 scrolls of fog {unknown}
 f - 2 scrolls of teleportation {unknown}
 k - a scroll of blinking {unknown}
 l - a scroll of enchant weapon {unknown}
Potions
 e - a potion of resistance {unknown}
 h - a potion of attraction {unknown}
 j - 2 potions of heal wounds {unknown}


   Skills:
 - Level 1.0 Fighting
 + Level 3.6 Ranged Weapons
 - Level 2.0 Dodging
 - Level 1.0 Spellcasting
 - Level 3.0 Hexes


You had 3 spell levels left.
You knew the following spells:

 Your Spells              Type           Power      Damage    Failure   Level
a - Slow                  Hex            36%        N/A       7%          1

Your spell library contained the following spells:

 Spells                   Type           Power      Damage    Failure   Level
 Inner Flame              Hex/Fire       5%         N/A       36%         3
 Portal Projectile        Hex/Tloc       10%        N/A       36%         3
 Cause Fear               Hex            4%         N/A       56%         4


Dungeon Overview and Level Annotations

Branches:
Dungeon (3/15)

Altars:


Innate Abilities, Weirdness & Mutations

You cannot wear most types of armour.
You are amphibious.
You can wear up to eight rings at the same time.
Your skin changes colour to match your surroundings (Stealth+).
Your rubbery body absorbs attacks. (AC +1, EV +1)
((You are camouflaged when in or above water. (Stealth+)))
You have tentacles for arms and can constrict up to eight enemies at once.
You are robust. (+10% HP)
You are weak. (Str -2)


Message History

A gnoll comes into view. It is wielding a +0 flail.
You shoot a sling bullet. The sling bullet hits the ball python!
You kill the ball python!
You hear a shout!
You shoot a sling bullet. The sling bullet hits the gnoll.
The gnoll is moderately wounded.
The gnoll closely misses you.
A gnoll comes into view. It is wielding a +0 whip.
You shoot a sling bullet.
The sling bullet closely misses the gnoll.
The gnoll completely misses you.
A gnoll comes into view. It is wielding a +0 flail.
You shoot a sling bullet. The sling bullet hits the gnoll.
The gnoll is moderately wounded.
You hear an angry hiss.
The gnoll misses you.
You shoot a sling bullet. The sling bullet hits the gnoll.
The gnoll is heavily wounded.
You hear an angry hiss.
The gnoll misses you. The gnoll barely misses you.
You shoot a sling bullet. The sling bullet hits the gnoll.
The gnoll is severely wounded.
The gnoll hits you with a +0 flail! The gnoll hits you with a +0 whip.
The gnoll misses you.
You are too injured to fight recklessly!
Okay, then.
The gnoll attacks as you move away! The gnoll misses you.
The gnoll barely misses you. The gnoll attacks as you move away!
The gnoll barely misses you. The gnoll attacks as you move away!
The gnoll barely misses you.
Found a stone staircase leading up.
Okay, then.
The gnoll attacks as you move away! The gnoll hits you with a +0 flail.
* * * LOW HITPOINT WARNING * * *
The gnoll attacks as you move away! The gnoll hits you with a +0 flail.
* * * LOW HITPOINT WARNING * * *
It was a potion of mutation.
You feel extremely strange.
You feel weaker.
You feel robust. The gnoll hits you with a +0 flail!
You die...

#. #.... ...
.##.#.#.##.##.#.
.......<........
.........####..
....(...g#####
.#.#####g##.. #
#.##.# #.##.##.#
#.gg@<..#
####.#### ....
##.##.# #.# #
#.. ###


You could see 2 gnolls.

Vanquished Creatures
  An adder (D:2)
  A worm (D:2)
  3 ball pythons
  2 bats (D:2)
  An endoplasm (D:1)
  A giant cockroach (D:2)
  2 goblins (D:2)
  2 hobgoblins (D:1)
  A frilled lizard (D:2)
  A kobold (D:2)
  3 rats (D:2)
18 creatures vanquished.

Notes
Turn   | Place    | Note
-------+----------+-------------------------------------------
     0 | D:1      | M4edhros the Octopode Hexslinger began the quest for the
                  | Orb.
     0 | D:1      | Reached XP level 1. HP: 13/13 MP: 2/2
   144 | D:2      | Reached XP level 2. HP: 18/18 MP: 3/3
   233 | D:2      | Reached XP level 3. HP: 23/23 MP: 4/4
   245 | D:2      | Found a faded altar of an unknown god.
   332 | D:3      | Gained mutation: You are weak. (Str -2) [potion of
                  | mutation]
   332 | D:3      | Gained mutation: You are robust. (+10% HP) [potion of
                  | mutation]
   332 | D:3      | Slain by a gnoll

Illustrated notes

Levels and vault maps discovered:
D:1:      noname_arrival_rooms_in_the_neighbourhood, layout_basic
D:2:      layout_rooms, ebering_ecumenical_altar_box, kennysheep_generic_room_14
D:3:      layout_loops_cross, mainiacjoe_overflow_concentric_impassable

Skill      XL: |  1  2 |
---------------+-------+-----
Ranged Weapons | 3 |  3.6
Fighting       | |  1.0
Dodging        | |  2.0
Spellcasting   | |  1.0
Hexes          | |  3.0

Action                     || total
---------------------------++-------
   Fire: Sling             ||    45
    Use: Potion            ||     1
 Armour: Skin              ||     1
  Dodge: Dodged            ||    12

Table legend: (Time is in decaauts)
 A = Elapsed time spent in this place.
 B = Non-inter-level travel time spent in this place.
 C = Inter-level travel time spent in this place.
 D = Time resting spent in this place.
 E = Time spent auto-exploring this place.
 F = Levels seen in this place.
 G = Mean time per level.
                   A        B        C        D        E       F      G
               +--------+--------+--------+--------+--------+-----+--------+
         Total |    342 |    324 |     18 |      0 |    209 |   3 |  114.0 |
       Dungeon |    342 |    324 |     18 |      0 |    209 |   3 |  114.0 |
               +--------+--------+--------+--------+--------+-----+--------+

Top non-repeatable levels by time:
     D:2: 193 daAuts
     D:1: 130 daAuts
     D:3: 18 daAuts
